 Seeded DCSS version 0.27.1-36-g1b1ada6b1e (webtiles) character file.

Game seed: 13309549622081739099 (custom seed)

137960 tkbsonic5 the Warrior (level 16, -5/151 HPs)
             Began as a Minotaur Gladiator on Jan 26, 2023.
             Was a High Priest of Makhleb.
             Slain by a spectral seven-headed hydra (10 damage)
             ... called from beyond by a ghost crab
             ... on level 3 of the Swamp on Feb 5, 2023.
             The game lasted 01:35:36 (28862 turns).

tkbsonic5 the Warrior (Minotaur Gladiator)         Turns: 28862, Time: 01:35:37

Health: -5/151     AC: 21    Str: 25    XL:     16   Next: 70%
Magic:  22/22      EV:  8    Int:  5    God:    Makhleb [*****.]
Gold:   888        SH: 18    Dex: 12    Spells: 15/15 levels left

rFire    + . .     SeeInvis +   r - +8 autumn katana {vorpal, Clar}
rCold    . . .     Faith    .   i - +0 kite shield
rNeg     . . .     Spirit   .   y - +4 plate armour {rF+}
rPois    +         Reflect  +   c - +0 hat
rElec    .         Harm     .   (no cloak)
rCorr    .         Rampage  .   F - +0 pair of gloves
Will     +....     Clarity  +   (no boots)
Stlth    ..........             I - amulet of reflection
HPRegen  1.35/turn              J - ring of Noen Cit {rPois Str+3 SInv}
MPRegen  0.18/turn              G - +4 ring of slaying

@: about to teleport, constricted, studying Necromancy
A: horns 2, retaliatory headbutt, clumsy 1, regeneration 1, weak 1
a: Renounce Religion, Minor Destruction, Lesser Servant of Makhleb, Major
Destruction, Greater Servant of Makhleb


You were on level 3 of the Swamp.
You worshipped Makhleb.
Makhleb was extremely pleased with you.
You visited 4 branches of the dungeon, and saw 26 of its levels.
You visited the Abyss 1 time.

You collected 2501 gold pieces.
You spent 1613 gold pieces at shops.

Inventory:

Hand Weapons
 r - the +8 autumn katana (weapon) {vorpal, Clar}
   (You found it on level 5 of the Dungeon)

   It inflicts extra damage upon your enemies.
   Clar:      It protects you against confusion.
 E - a +2 triple crossbow of freezing
 K - a +3 fustibalus of freezing
Missiles
 h - 219 bolts
 k - 54 poisoned darts
 w - 6 atropa-tipped darts
 B - 127 sling bullets
 C - 7 datura-tipped darts
 D - 2 javelins
 M - 2 throwing nets
 O - 3 silver javelins
 P - 398 arrows
Armour
 c - a +0 hat (worn)
 i - a +0 kite shield (worn)
 n - a +5 plate armour
 x - a +0 troll leather armour
 y - a +4 plate armour of fire resistance (worn)
 F - a +0 pair of gloves (worn)
Jewellery
 d - a ring of ice
 j - an amulet of magic regeneration
 l - a +6 ring of strength
 p - a ring of willpower
 u - a ring of wizardry
 G - a +4 ring of slaying (right hand)
 I - an amulet of reflection (around neck)
 J - the ring of Noen Cit (left hand) {rPois Str+3 SInv}
   (You found it on level 6 of the Lair of Beasts)

   [ring of see invisible]

   Str:       It affects your strength (+3).
   rPois:     It protects you from poison.
   SInv:      It lets you see invisible.
 L - a +6 ring of intelligence
 Q - a ring of magical power
Wands
 g - a wand of digging (3)
Scrolls
 e - 7 scrolls of magic mapping
 s - 8 scrolls of identify
 v - 6 scrolls of teleportation
 A - 6 scrolls of amnesia
Potions
 m - 2 potions of brilliance
 q - 7 potions of attraction
 t - 2 potions of curing
 z - 2 potions of magic
Miscellaneous
 N - a lightning rod (4/4)


   Skills:
 * Level 15.9 Fighting
 - Level 13.0 Long Blades
 - Level 4.7 Staves
 * Level 7.1(9.2) Slings
 - Level 3.0 Crossbows
 - Level 8.3(9.3) Throwing
 + Level 12.5 Armour
 + Level 12.8 Dodging
 - Level 1.1 Stealth
 + Level 11.7 Shields
 * Level 10.0 Invocations
 + Level 8.8 Evocations


You had 15 spell levels left.
You didn't know any spells.
Your spell library contained the following spells:

 Spells                   Type           Power      Damage    Failure   Level
 Corona                   Hex            0%         N/A       100%        1
 Magic Dart               Conj           0%         1d3       100%        1
 Pain                     Necr           0%         1d4       100%        1
 Blink                    Tloc           N/A        N/A       100%        2
 Call Imp                 Summ           0%         N/A       100%        2
 Ensorcelled Hibernation  Hex/Ice        0%         N/A       100%        2
 Static Discharge         Conj/Air       0%         N/A       100%        2
 Gell's Gravitas          Tloc           0%         N/A       100%        3
 Inner Flame              Hex/Fire       0%         N/A       100%        3
 Lesser Beckoning         Tloc           0%         N/A       100%        3
 Mephitic Cloud           Conj/Pois/Air  0%         N/A       100%        3
 Teleport Other           Tloc           0%         N/A       100%        3
 Tukima's Dance           Hex            0%         N/A       100%        3
 Animate Dead             Necr           0%         N/A       100%        4
 Cause Fear               Hex            0%         N/A       100%        4
 Agony                    Necr           0%         N/A       100%        5
 Borgnjor's Vile Clutch   Necr/Erth      0%         N/A       100%        5
 Excruciating Wounds      Necr           0%         N/A       100%        5
 Lightning Bolt           Conj/Air       0%         1d11      100%        5
 Manifold Assault         Tloc           0%         N/A       100%        5
 Death Channel            Necr           0%         N/A       100%        6
 Dispersal                Tloc           0%         N/A       100%        6
 Storm Form               Tmut/Air       0%         N/A       100%        7
 Discord                  Hex            0%         N/A       100%        8
 Maxwell's Capacitive Co  Air            0%         ∞         100%        8


Dungeon Overview and Level Annotations

Branches:
Dungeon (15/15)            Temple (0/1) D:7            Lair (6/6) D:9
  Swamp (3/4) Lair:4       Spider (0/4) Lair:2        Slime (0/5) Lair:6
    Orc (2/2) D:10            Elf (0/3) Orc:2        Vaults (0/5) D:14
 Depths (0/5) D:15

Altars:
Dithmenos
Fedhas
Gozag
Kikubaaqudgha
Makhleb
Nemelex Xobeh
Okawaru
Trog
Uskayaw
Xom
Yredelemnul
The Shining One

Shops:
D:1 !   D:4 !   Orc:1 (   Orc:2 (!([

Portals:
Abyss: D:5

Annotations:
D:5 2 transporters, SoEpicPie's ghost, amateur DDFi
D:8 2 runed translucent doors, exclusion: orange crystal statue
D:12 1 runed translucent door
Lair:5 exclusion: oklob plant
Lair:6 exclusion: oklob plant
Swamp:2 1 runed translucent door, grimtooth's ghost, journeyman MfGl


Innate Abilities, Weirdness & Mutations

You have a pair of horns on your head.
You reflexively headbutt those who attack you in melee.
You are clumsy. (Dex -2)
Your natural rate of healing is unusually fast.
You are weak. (Str -2)


Message History

Your +4 plate armour of fire resistance unmelds from your body.
You feel resistant to fire.
The spectral anaconda constricts you but does no damage.
The spectral anaconda bites you but does no damage.
The spectral anaconda constricts you.
The spectral anaconda bites you but does no damage.
The alligator is engulfed in spectral mist.
You block the alligator's attack. The alligator tail-slaps you.
* * * LOW HITPOINT WARNING * * *
The spectral spriggan air mage hits you but does no damage.
You block the spectral anaconda's attack.
The spectral anaconda constricts you.
The spectral seven-headed hydra bites you but does no damage.
You block the spectral seven-headed hydra's attack.
The spectral seven-headed hydra bites you but does no damage.
You block the spectral seven-headed hydra's attack.
The spectral seven-headed hydra barely misses you.
The spectral seven-headed hydra bites you.
* * * LOW HITPOINT WARNING * * *
The spectral seven-headed hydra barely misses you.
The spectral anaconda bites you.
* * * LOW HITPOINT WARNING * * *
The alligator is engulfed in spectral mist.
You block the alligator's attack. The alligator tail-slaps you!
* * * LOW HITPOINT WARNING * * *
Okay, then.
As you read the scroll of teleportation, it crumbles to dust.
You feel strangely unstable.
You block the spectral anaconda's attack.
The spectral anaconda constricts you.
You block the spectral anaconda's attack.
The spectral spriggan air mage hits you but does no damage.
The ghost crab breathes spectral mist at you.
The spectral mist engulfs the spectral anaconda but does no damage.
The alligator is engulfed in spectral mist.
The alligator barely misses you.
You riposte.
You slash the alligator!
The alligator is almost dead.
The alligator tail-slaps you but does no damage.
The spectral seven-headed hydra bites you!
You die...

≈≈≈≈###.≈≈≈..
≈§≈.○≈○.....
≈○°○°☼☼...♣
.○○t☼°Z≈. ♣
♣°○○☼☼☼♣≈♣
♣♣♣°Z§Z§☼..♣
♣..≈°ZZ°☼≈≈♣♣
♣Z@ZZ§≈°♣
♣°♣♣t○○)☼.. ♣
♣♣○○≈.. ○♣..
... .♣ ♣


You could see an alligator (swift), a ghost crab, 2 spectral anacondas, a
spectral seven-headed hydra (summoned), a spectral death drake (summoned), 2
spectral spriggan berserkers and 2 spectral spriggan air magi.

Vanquished Creatures
  A tentacled monstrosity (Swamp:1)
  Rupert (Lair:3)
  A Hell Sentinel (Abyss:2)
  Kirke (D:13)
  An orc warlord (Orc:2)
  2 ghouls (Swamp:2)
  2 bunyips
  3 eleionomae (Swamp:2)
  Snorg (D:13)
  A fire dragon (Lair:6)
  A quicksilver dragon zombie (Abyss:2)
  Fannar (D:10)
  Harold (Lair:1)
  Josephine (D:12)
  3 boulder beetles
  10 hydras
  2 rakshasas (Abyss:2)
  6 centaur warriors
  A catoblepas (Lair:5)
  2 ogre magi
  7 alligators
  7 two-headed ogres
  A tengu warrior (D:15)
  8 death yaks
  4 orc high priests (Orc:2)
  2 spriggans
  10 slime creatures
  A fire crab (Lair:6)
  A deep elf knight (D:14)
  A fire crab (shapeshifter) (D:14)
  A swamp dragon (Swamp:1)
  A goliath frog (Swamp:2)
  3 bog bodies
  4 wizards
  4 lindwurms (Lair:2)
  A necromancer (D:15)
  A wolf spider zombie (D:15)
  6 orc knights
  5 orc sorcerers (Orc:2)
  15 ugly things
  2 deep elf pyromancers
  2 deep elf zephyrmancers (D:14)
  3 manticores
  An orb spider (Lair:2)
  A worldbinder (Abyss:2)
  A will-o-the-wisp (Swamp:1)
  4 cyclopes
  7 black mambas
  4 elephants
  An apocalypse crab (Abyss:2)
  3 molten gargoyles (Lair:6)
  2 centaur skeletons (D:15)
  A torpor snail (Lair:5)
  Maggie (D:10)
  12 komodo dragons
  4 rime drakes
  11 cane toads
  An unseen horror (Abyss:2)
  An efreet (D:15)
  9 starcursed masses (Abyss:2)
  2 yaktaurs (D:14)
  2 polar bears
  An ancient zyme (Abyss:2)
  10 trolls
  3 hornets
  5 tyrant leeches
  2 wind drakes (shapeshifter)
  18 dream sheep
  12 blink frogs
  2 ynoxinuls (Abyss:2)
  6 wraiths
  14 basilisks
  A vampire (D:9)
  12 wyverns
  3 hogs (D:13)
  48 yaks
  4 golden eyes (Abyss:2)
  3 steam dragons
  Grum (Lair:1)
  13 vampire mosquitoes
  4 swamp worms (Swamp:1)
  2 large abominations (Abyss:2)
  2 wargs (Orc:2)
  2 acid dragons
  24 water moccasins
  5 hell hounds (Lair:6)
  19 orc warriors
  3 ice beasts (D:8)
  3 swamp drakes
  A black bear (shapeshifter) (D:14)
  2 necrophages
  5 wolves
  16 centaurs
  10 ogres
  3 phantoms
  A kobold brigand (D:9)
  9 bullfrogs
  3 gnoll sergeants
  3 scorpions (D:5)
  A small abomination (Abyss:2)
  A water moccasin zombie (D:5)
  2 water moccasin skeletons
  15 killer bees
  5 wights
  8 electric eels
  A howler monkey (D:12)
  4 lava snakes (Lair:6)
  4 centaur zombies
  A bullfrog zombie (D:5)
  3 hounds
  4 jellies
  11 orc priests
  A gnoll shaman (D:7)
  2 iguanas
  18 orc wizards
  2 centaur simulacra
  2 hound skeletons
  A howler monkey zombie (D:10)
  21 gnolls
  2 adders (D:6)
  A shadow imp (D:7)
  A white imp (D:8)
  2 ufetubi
  5 worms
  4 dart slugs
  57 orcs
  An endoplasm (D:1)
  4 giant cockroaches
  9 goblins
  9 hobgoblins
  4 jackals (D:1)
  A quokka (D:4)
  3 training dummies (Orc:1)
  3 ball pythons
  A bat (D:1)
  3 frilled lizards
  11 kobolds
  7 rats
  A starspawn tentacle (Abyss:2)
711 creatures vanquished.

Vanquished Creatures (collateral kills)
  A tentacled starspawn (Abyss:2)
  A hydra (Swamp:3)
  A centaur skeleton (D:15)
  A yaktaur (D:14)
  A troll (Orc:2)
  A large abomination (Abyss:2)
  2 hornets (Swamp:3)
  A slime creature (D:12)
  3 spriggans (Swamp:3)
  2 hogs (D:13)
  A wight (Abyss:2)
15 creatures vanquished.

Vanquished Creatures (others)
  Nessos (D:13)
  A manticore (D:11)
  3 bloated husks
  An orc warrior (D:10)
  A wight (D:10)
  An orc wizard (Orc:2)
  2 orcs
  13 fungi
  27 plants
  3 starspawn tentacles (Abyss:2)
  A withered plant (Swamp:2)
54 creatures vanquished.

Grand Total: 780 creatures vanquished

Notes
Turn   | Place    | Note
-------+----------+-------------------------------------------
     0 | D:1      | tkbsonic5 the Minotaur Gladiator began the quest for the
                  | Orb.
     0 | D:1      | Reached XP level 1. HP: 18/18 MP: 0/0
   176 | D:1      | Reached XP level 2. HP: 19/25 MP: 1/1
   672 | D:1      | Found Refoemez's Distillery.
  1094 | D:2      | Reached skill level 3 in Fighting
  1094 | D:2      | Found a shimmering altar of Xom.
  1159 | D:2      | Reached XP level 3. HP: 31/31 MP: 2/2
  1643 | D:3      | Found a faded altar of an unknown god.
  1815 | D:3      | Reached skill level 1 in Armour
  2310 | D:3      | Reached skill level 5 in Long Blades
  2310 | D:3      | Reached XP level 4. HP: 38/38 MP: 3/3
  2703 | D:4      | Found Kanupt's Distillery.
  2713 | D:4      | Reached XP level 5. HP: 46/46 MP: 4/4
  2713 | D:4      | Bought a potion of heal wounds for 70 gold pieces
  2828 | D:4      | Noticed a phantom
  2834 | D:4      | Killed a phantom
  2835 | D:4      | Reached skill level 4 in Fighting
  3018 | D:4      | Reached XP level 6. HP: 40/52 MP: 5/5
  3269 | D:5      | Entered Level 5 of the Dungeon
  3269 | D:5      | Found the +8 autumn katana {vorpal, Clar}
  3418 | D:5      | Found a transporter.
  3419 | D:5      | Found a one-way gate to the infinite horrors of the Abyss.
  3419 | D:5      | Noticed SoEpicPie's ghost (amateur DDFi)
  3419 | D:5      | Noticed a toenail golem
  3719 | D:5      | Noticed a small abomination
  3733 | D:5      | Found a transporter.
  3773 | D:5      | Reached XP level 7. HP: 60/60 MP: 6/6
  3809 | D:5      | Reached skill level 5 in Fighting
  3809 | D:5      | Reached skill level 5 in Dodging
  3831 | D:5      | Noticed a yak
  3831 | D:5      | Noticed a wyvern
  3836 | D:5      | Killed a wyvern
  3842 | D:5      | Killed a yak
  3843 | D:5      | Reached XP level 8. HP: 30/69 MP: 7/7
  4415 | D:5      | Reached skill level 5 in Armour
  4482 | D:5      | Reached skill level 6 in Fighting
  5350 | D:7      | Reached XP level 9. HP: 66/78 MP: 8/8
  5627 | D:7      | Reached skill level 10 in Long Blades
  5763 | D:7      | Reached skill level 7 in Fighting
  5774 | D:7      | Found a burning altar of Makhleb.
  6008 | D:7      | Found a staircase to the Ecumenical Temple.
  6742 | D:8      | Found the +10 tower shield of Ignorance {rN+ Int-4}
  6747 | D:8      | Found a runed translucent door.
  6759 | D:8      | Found a runed translucent door.
  6809 | D:8      | Killed a very large slime creature
  6810 | D:8      | Reached skill level 8 in Fighting
  6811 | D:8      | Reached XP level 10. HP: 87/88 MP: 9/9
  7122 | D:8      | Found a basalt altar of Yredelemnul.
  7199 | D:8      | Noticed an orange crystal statue
  7588 | D:9      | Reached skill level 9 in Fighting
  7949 | D:9      | Found a staircase to the Lair.
  7953 | D:9      | Reached skill level 5 in Throwing
  8355 | D:9      | Noticed a two-headed ogre
  8368 | D:9      | Killed a two-headed ogre
  8369 | D:9      | Reached XP level 11. HP: 99/99 MP: 10/10
  8887 | D:9      | Reached skill level 10 in Fighting
  9146 | D:9      | Found a sparkling altar of Nemelex Xobeh.
  9149 | D:9      | Found a hide-covered altar of Uskayaw.
  9151 | D:9      | Found an ancient bone altar of Kikubaaqudgha.
  9152 | D:9      | Found an opulent altar of Gozag.
  9404 | D:10     | Entered Level 10 of the Dungeon
  9529 | D:10     | Reached skill level 1 in Shields
  9680 | D:10     | Noticed a two-headed ogre
  9683 | D:10     | Killed a two-headed ogre
  9784 | D:10     | Noticed Fannar
  9794 | D:10     | Killed Fannar
  9962 | D:10     | Found a glowing golden altar of the Shining One.
 10043 | D:10     | Found a shadowy altar of Dithmenos.
 10174 | D:10     | Found a staircase to the Orcish Mines.
 10202 | D:10     | Noticed Maggie
 10208 | D:10     | Killed Maggie
 10289 | D:10     | Noticed a two-headed ogre
 10297 | D:10     | Killed a two-headed ogre
 10623 | D:11     | Reached skill level 10 in Dodging
 11403 | Lair:1   | Entered Level 1 of the Lair of Beasts
 11532 | D:7      | Became a worshipper of Makhleb the Destroyer
 11684 | Lair:1   | Reached skill level 11 in Fighting
 11692 | D:9      | Reached XP level 12. HP: 75/110 MP: 11/11
 12525 | Lair:1   | Noticed a six-headed hydra
 12530 | Lair:1   | Killed a six-headed hydra
 12906 | Lair:1   | Reached skill level 1 in Invocations
 12972 | Lair:1   | Noticed Harold
 12983 | Lair:1   | Killed Harold
 12984 | Lair:1   | Reached skill level 1 in Staves
 12984 | Lair:1   | Reached skill level 1 in Evocations
 13032 | Lair:1   | Noticed Grum
 13039 | Lair:1   | Noticed a four-headed hydra
 13040 | Lair:1   | Killed Grum
 13042 | Lair:1   | Killed a six-headed hydra
 13926 | Lair:2   | Reached * piety under Makhleb
 14002 | Lair:2   | Found a hole to the Spider Nest.
 14274 | Lair:2   | Identified the +9 quarterstaff of Decyipt {drain, rC+
                  | Will++ SInv}
 14344 | Lair:2   | Reached skill level 12 in Fighting
 14447 | Lair:2   | Reached skill level 5 in Shields
 14985 | Lair:3   | Noticed a four-headed hydra
 14995 | Lair:3   | Killed a six-headed hydra
 15291 | Lair:3   | Noticed Rupert
 15300 | Lair:3   | Killed Rupert
 15301 | Lair:3   | Reached XP level 13. HP: 118/118 MP: 14/14
 15741 | Lair:3   | Reached skill level 10 in Armour
 16296 | Lair:4   | Found a staircase to the Swamp.
 16644 | Lair:4   | Reached ** piety under Makhleb
 17401 | Lair:5   | Reached skill level 5 in Invocations
 17411 | Lair:5   | Reached skill level 13 in Fighting
 17758 | Lair:5   | Reached *** piety under Makhleb
 17817 | Lair:5   | Reached skill level 5 in Evocations
 17950 | Lair:5   | Reached XP level 14. HP: 129/129 MP: 17/17
 18546 | Lair:5   | Found a blossoming altar of Fedhas.
 18753 | Lair:6   | Entered Level 6 of the Lair of Beasts
 18863 | Lair:6   | Found a staircase to the Slime Pits.
 19067 | Lair:6   | Reached **** piety under Makhleb
 19153 | Lair:6   | Found an opulent altar of Gozag.
 19197 | Lair:6   | Identified the ring of Noen Cit {rPois Str+3 SInv}
 19574 | Lair:6   | Gained mutation: You are weak. (Str -2) [potion of
                  | mutation]
 19574 | Lair:6   | Gained mutation: Your natural rate of healing is unusually
                  | fast. [potion of mutation]
 19648 | Lair:6   | Found a large runed translucent door.
 19648 | Lair:6   | Found a large runed translucent door.
 19863 | Lair:6   | Reached ***** piety under Makhleb
 20566 | D:12     | Found an iron altar of Okawaru.
 20601 | D:12     | Reached skill level 14 in Fighting
 20668 | D:12     | Noticed Josephine
 20673 | D:12     | Killed Josephine
 20856 | D:12     | Noticed a fire giant
 20856 | D:12     | Noticed a frost giant
 20857 | D:12     | Noticed a tengu reaver
 20857 | D:12     | Found a runed translucent door.
 20859 | D:12     | Noticed a storm dragon
 21685 | D:13     | Found a bloodstained altar of Trog.
 21713 | D:13     | Identified the +4 falchion of the Skies Above {pain, Will+
                  | Str+7 Stlth+}
 21717 | D:13     | Identified the +6 quarterstaff of Evolution {distort, rF-
                  | rC+ Dex+2 Stlth+}
 21776 | D:13     | Reached skill level 10 in Shields
 21818 | D:13     | Noticed Kirke
 21844 | D:13     | Noticed a sphinx
 21847 | D:13     | Killed Kirke
 21848 | D:13     | Reached XP level 15. HP: 64/138 MP: 19/19
 22097 | D:13     | Noticed Snorg
 22107 | D:13     | Killed Snorg
 22124 | D:13     | Noticed Nessos
 22133 | D:13     | Killed Nessos
 22489 | D:14     | Found a flagged portal.
 22542 | D:14     | Reached skill level 1 in Slings
 22992 | D:14     | Found a gate to the Vaults.
 23144 | D:15     | Entered Level 15 of the Dungeon
 23147 | D:15     | Found an opulent altar of Gozag.
 25224 | D:15     | Reached skill level 1 in Stealth
 25543 | D:15     | Cast into level 2 of the Abyss (a wizard)
 25695 | Abyss:2  | Found a corrupted altar of Lugonu.
 25759 | Abyss:2  | Noticed a Hell Sentinel
 25770 | Abyss:2  | HP: 5/208 [Hell Sentinel/iron shot (45)]
 25771 | Abyss:2  | Killed a Hell Sentinel
 25772 | Abyss:2  | Reached skill level 15 in Fighting
 25880 | Abyss:2  | Found a corrupted altar of Lugonu.
 25882 | Abyss:2  | Noticed a tentacled starspawn
 25890 | Abyss:2  | Killed a tentacled starspawn
 25901 | D:15     | Escaped the Abyss
 25961 | D:15     | Found a staircase to the Depths.
 26126 | Orc:1    | Entered Level 1 of the Orcish Mines
 26190 | Orc:1    | Found Hoaj Ziq's Firing Range.
 26228 | Orc:1    | Bought a +2 triple crossbow of freezing for 450 gold pieces
 26228 | Orc:1    | Bought a throwing net for 45 gold pieces
 26228 | Orc:1    | Bought 3 silver javelins for 108 gold pieces
 26466 | Orc:2    | Entered Level 2 of the Orcish Mines
 26558 | Orc:2    | Reached XP level 16. HP: 149/149 MP: 21/21
 26648 | Orc:2    | Reached skill level 5 in Slings
 26648 | Orc:2    | Reached skill level 1 in Crossbows
 26825 | Orc:2    | Found a staircase to the Elven Halls.
 27035 | Orc:2    | Reached ****** piety under Makhleb
 27425 | Orc:2    | Found Ippasaic's Antique Weapon Shop.
 27425 | Orc:2    | Found Woazucku's Armour Shoppe.
 27427 | Orc:2    | Found Ebobuaf's Weapon Shop.
 27427 | Orc:2    | Found Datrau's Distillery.
 27437 | Orc:2    | Bought a potion of heal wounds for 75 gold pieces
 27437 | Orc:2    | Bought a potion of heal wounds for 75 gold pieces
 27437 | Orc:2    | Bought a potion of curing for 45 gold pieces
 27437 | Orc:2    | Bought a potion of curing for 45 gold pieces
 27440 | Orc:2    | Bought a +4 plate armour of fire resistance for 700 gold
                  | pieces
 27745 | Swamp:1  | Entered Level 1 of the Swamp
 28055 | Swamp:1  | Noticed a tentacled monstrosity
 28063 | Swamp:1  | Killed a tentacled monstrosity
 28735 | Swamp:2  | Found a runed translucent door.
 28735 | Swamp:2  | Noticed grimtooth's ghost (journeyman MfGl)
 28849 | Swamp:3  | Reached skill level 10 in Invocations
 28851 | Swamp:3  | HP: 10/226 [alligator (11)]
 28857 | Swamp:3  | HP: 7/226 [disintegration[the player character] (26)]
 28858 | Swamp:3  | Gained mutation: You are clumsy. (Dex -2) [a cacodemon]
 28861 | Swamp:3  | HP: 3/151 [alligator (9)]
 28862 | Swamp:3  | Slain by a spectral seven-headed hydra

Illustrated notes

Levels and vault maps discovered:
D:1:      mrwooster_arrival_statue, layout_basic, serial_shops, shop,
          serial_rivers, chequers_serial_rivers_micro_b,
          chequers_serial_rivers_micro_c, chequers_serial_rivers_room_a,
          chequers_serial_rivers_micro_c, chequers_serial_rivers_small_b,
          chequers_serial_rivers_small_b
D:2:      layout_rooms, basic_altar
D:3:      layout_basic, basic_ecumenical_altar
D:4:      layout_gridville, serial_shops, nicolae_shop_trees
D:5:      layout_cave_pods, gammafunk_ghost_abyssal_escape,
          minmay_divided_ellipse
D:6:      layout_loops_ring
D:7:      layout_loops_ring, mainiacjoe_overflow_surrounded_room,
          minmay_temple_entry_offerings
D:8:      layout_loops_ring, mainiacjoe_overflow_alcove_1, serial_ice,
          serial_ice_g, serial_ice_k, serial_ice_h, serial_ice_a, serial_ice_b,
          serial_ice_o, chequers_guarded_unrand_ignorance
D:9:      layout_basic, mainiacjoe_overflow_alcove_3, erik_lair_dragon
D:10:     layout_loops_cross, mainiacjoe_overflow_swirl, orc_0_dummy,
          minmay_hedge_maze, uniq_maggie, uniq_fannar
D:11:     layout_cave_pools
D:12:     minmay_gate_of_8, layout_stronghold, okawaru_gym_becter,
          uniq_josephine
D:13:     layout_loops_ring, tgw_trog, uniq_kirke, uniq_snorg, uniq_nessos
D:14:     layout_rooms, hangedman_vaults_entry_quadrant_bands, enter_bailey_3,
          chequers_avenue, evilmike_minifort
D:15:     grunt_enter_depths_magical_seal, layout_loops_corners,
          grunt_gozag_statues, st_stairs_4
Lair:1:   layout_layer_cave, infiniplex_staircase_pool_2, serial_bayou_shore_a,
          uniq_grum, uniq_harold
Lair:2:   layout_cave_pods, nicolae_spider_entry_orb_guardian,
          minmay_lindwurm_lava
Lair:3:   layout_roguey, uniq_rupert
Lair:4:   layout_gridlike, skrybe_swamp_entry_bodies, nzn_sisyphean_effort
Lair:5:   layout_small_grid, hangedman_tree_tricks, st_stairs_5,
          wad_woods_road_02, beast_lair_carwin_4
Lair:6:   cheibrodos_lair_end_hotspot, layout_regular_city, slime_dummy,
          lemuel_oklob_altar
Swamp:1:  layout_basic_swamp, evilmike_swamp_ruin_rubble_1
Swamp:2:  layout_basic_swamp, gammafunk_ghost_grave,
          evilmike_swamp_ruin_rubble_2
Swamp:3:  layout_basic_swamp, gammafunk_ghost_grave, serial_swamp_ruin,
          evilmike_swamp_ruin_house_4, evilmike_swamp_ruin_house_2,
          evilmike_swamp_ruin_house_6, swamp_pool1, nicolae_swamp_tree_designs,
          uniq_louise
Orc:1:    layout_caves, nicolae_shop_firing_range
Orc:2:    grunt_orc_tribal_feast, layout_caves

Skill      XL: |  1  2  3  4  5  6  7  8  9 10 11 12 13 14 15 16 |
---------------+-------------------------------------------------+-----
Long Blades    | 4 5 6 8 9 11 12 13 | 13.0
Fighting       | 3 4 5 6 8 9 11 12 13 14 15 | 15.9
Armour         | 1 2 3 4 6 7 8 9 10 11 12 | 12.5
Dodging        | 4 5 6 7 9 10 11 12 | 12.8
Throwing       | 3 5 7 8 |  8.3
Shields        | 3 5 8 10 11 | 11.7
Invocations    | 3 5 7 9 10 | 10.0
Staves         | 4 |  4.7
Evocations     | 2 5 7 8 |  8.8
Slings         | 4 7 |  7.1
Stealth        | 1 |  1.1
Crossbows      | 3 |  3.0

Action                   |  1- 3 |  4- 6 |  7- 9 | 10-12 | 13-15 | 16-18 || total
-------------------------+-------+-------+-------+-------+-------+-------++-------
Melee: Long sword        |    81 |    21 |       |       |       |       ||   102
       Headbutt          |    17 |     7 |    33 |    68 |   208 |    75 ||   408
       Katana            |       |     6 |   146 |   284 |   750 |   350 ||  1536
       Quarterstaff      |       |       |       |     4 |       |       ||     4
 Fire: Fustibalus        |       |       |       |       |     4 |    22 ||    26
Throw: Throwing net      |     3 |     1 |     7 |     8 |     1 |       ||    20
       Dart              |       |       |    39 |    52 |    73 |     7 ||   171
       Javelin           |       |       |     4 |    27 |       |     3 ||    34
Invok: Minor Destruction |       |       |       |       |    88 |    18 ||   106
       Major Destruction |       |       |       |       |     5 |    13 ||    18
       Lesser Servant of |       |       |       |       |    10 |     2 ||    12
       Greater Servant o |       |       |       |       |     1 |     4 ||     5
Evoke: Wand              |       |    19 |     9 |    55 |    43 |       ||   126
       Lightning rod     |       |       |       |     6 |     6 |       ||    12
  Use: Scroll            |     3 |     5 |     5 |    14 |    13 |     5 ||    45
       Potion            |       |       |     1 |    10 |    11 |    12 ||    34
 Stab: Held in net/web   |     1 |       |       |     1 |       |       ||     2
       Paralysed         |       |       |       |     6 |       |       ||     6
       Invisible         |       |       |       |     1 |       |       ||     1
       Distracted        |       |       |       |       |     2 |     1 ||     3
       Betrayed ally     |       |       |       |       |     1 |       ||     1
Armor: Ring mail         |     6 |       |       |       |       |       ||     6
       Leather armour    |     1 |       |       |       |       |       ||     1
       Scale mail        |    18 |     9 |     8 |       |       |       ||    35
       Plate armour      |       |       |    45 |   112 |   219 |    84 ||   460
       Skin              |       |       |       |       |       |    84 ||    84
Dodge: Dodged            |    47 |    11 |    53 |    75 |   173 |    79 ||   438
Block: Kite shield       |       |       |       |    88 |   425 |   270 ||   783
       Reflection        |       |       |       |     7 |    38 |     5 ||    50
       Other             |       |       |       |     5 |       |       ||     5
       Rpst.: Long sword |    13 |     3 |       |       |       |       ||    16
       Katana            |       |       |    14 |    15 |    41 |    15 ||    85
